 Dungeon Crawl Stone Soup version 0.27.1-1-g398f81649c (webtiles) character file.

Game seed: 8263358064549231138

4210 Rickety the Covert (level 10, -3/45 HPs)
             Began as a Spriggan Enchanter on Sept 18, 2021.
             Was a Follower of Dithmenos.
             Slain by a two-headed ogre (29 damage)
             ... on level 9 of the Dungeon.
             The game lasted 00:27:55 (10784 turns).

Rickety the Covert (Spriggan Enchanter)            Turns: 10784, Time: 00:27:56

Health: -3/45      AC:  2    Str: 10    XL:     10   Next: 8%
Magic:  31/31      EV: 10    Int: 17    God:    Dithmenos [*.....]
Gold:   325        SH:  0    Dex: 19    Spells: 10/24 levels left

rFire    . . .     SeeInvis +   a - +2 dagger (protect)
rCold    . . .     Faith    .   (shield restricted)
rNeg     . . .     Spirit   .   r - +0 robe {Will+}
rPois    .         Reflect  .   (helmet restricted)
rElec    .         Harm     .   l - scarf {shadows}
rCorr    .         Rampage  .   (gloves unavailable)
Will     ++...                  (boots unavailable)
Stlth    +++++++...             E - amulet of magic regeneration
HPRegen  0.15/turn              d - ring of magical power
MPRegen  0.47/turn              f - +6 ring of strength

@: held, wreathed by umbra, very quick
A: very small, no large weapons, unfitting armour, see invisible, speed 3
a: Renounce Religion


You were on level 9 of the Dungeon.
You worshipped Dithmenos.
Dithmenos was aware of your devotion.
You visited 2 branches of the dungeon, and saw 10 of its levels.

You collected 445 gold pieces.
You spent 120 gold pieces at shops.

Inventory:

Hand Weapons
 a - a +2 dagger of protection (weapon)
 b - a +0 short sword of electrocution
 c - a +1 dagger
 v - a +2 falchion of flaming
Missiles
 j - 42 poisoned darts (quivered)
 I - 2 throwing nets
Armour
 l - a scarf of shadows (worn)
 r - a +0 robe of willpower (worn)
Jewellery
 d - a ring of magical power (left hand)
 f - a +6 ring of strength (right hand)
 g - a ring of protection from fire
 i - a ring of magical power
 m - a +6 ring of strength
 E - an amulet of magic regeneration (around neck)
 F - a +6 ring of strength
Wands
 x - a wand of digging (3)
 A - a wand of iceblast (10)
 K - a wand of polymorph (8)
Scrolls
 k - 3 scrolls of amnesia {unknown}
 p - 4 scrolls of enchant weapon {unknown}
 s - a scroll of magic mapping {unknown}
 t - a scroll of teleportation {unknown}
 w - a scroll of acquirement {unknown}
 y - 2 scrolls of vulnerability {unknown}
 C - a scroll of blinking {unknown}
 D - 2 scrolls of enchant armour {unknown}
 H - 2 scrolls of noise {unknown}
Potions
 e - 2 potions of mutation
 h - 2 potions of flight {unknown}
 n - a potion of attraction {unknown}
 o - 2 potions of brilliance
 q - 2 potions of ambrosia
 u - 4 potions of curing
 z - 2 potions of lignification
 B - 2 potions of haste
 G - a potion of degeneration {unknown}
 J - a potion of heal wounds


   Skills:
 + Level 1.0 Fighting
 + Level 4.5 Short Blades
 - Level 2.0 Throwing
 + Level 4.1 Dodging
 * Level 13.7 Stealth
 + Level 7.8 Spellcasting
 + Level 0.1 Conjurations
 + Level 7.8 Hexes
 - Level 5.0 Translocations
 * Level 3.3 Invocations
 * Level 3.3 Evocations


You had 10 spell levels left.
You knew the following spells:

 Your Spells              Type           Power      Damage    Failure   Level
a - Corona                Hex            36%        N/A       1%          1
b - Ensorcelled Hibernat  Hex/Ice        40%        N/A       3%          2
c - Confusing Touch       Hex            33%        N/A       1%          3
d - Dazzling Flash        Conj/Hex       40%        N/A       6%          3
l - Blink                 Tloc           N/A        N/A       1%          2
t - Tukima's Dance        Hex            33%        N/A       1%          3

Your spell library contained the following spells:

 Spells                   Type           Power      Damage    Failure   Level
 Sandblast                Erth           12%        2d6       11%         1
 Passwall                 Tmut/Erth      5%         N/A       16%         2
 Spider Form              Tmut/Pois      3%         N/A       32%         3
 Manifold Assault         Tloc           23%        N/A       36%         5
 Lee's Rapid Deconstruct  Erth           3%         3d6*      96%         5
 Shadow Creatures         Summ           N/A        N/A       100%        6
 Storm Form               Tmut/Air       3%         N/A       100%        7


Dungeon Overview and Level Annotations

Branches:
Dungeon (9/15)             Temple (1/1) D:6
   Lair: D:8-11         Orc: D:9-12

Altars:
Ashenzari
Cheibriados
Dithmenos
Elyvilon
Gozag
Hepliaklqana
Kikubaaqudgha
Makhleb
Nemelex Xobeh
Okawaru
Qazlal
Ru
Trog
Uskayaw
Vehumet
Wu Jian
Xom
Zin
The Shining One

Shops:
D:2 =   D:3 *   D:7 *

Annotations:
D:9 Harold


Innate Abilities, Weirdness & Mutations

You are very small and have problems with some larger weapons.
You are too small for most types of armour.
You have supernaturally acute eyesight. (SInv)
You cover ground extremely quickly. (Speed+++)


Message History

Aim: a killer bee (wandering, blind, hasn't noticed you, chance to affect: 59%)
The killer bee resists with significant effort.
You feel sick.
Casting: Ensorcelled Hibernation (safe; 3% risk of failure)
Confirm with . or Enter, or press ? or * to list all spells.
Aiming: Ensorcelled Hibernation (safe; 3% risk of failure)
Press: ? - help, Shift-Dir - straight line, f/p - killer bee
Aim: a killer bee (wandering, blind, hasn't noticed you, chance to affect: 59%)
The killer bee resists with significant effort.
You feel sick.
Casting: Ensorcelled Hibernation (safe; 3% risk of failure)
Confirm with . or Enter, or press ? or * to list all spells.
Aiming: Ensorcelled Hibernation (safe; 3% risk of failure)
Press: ? - help, Shift-Dir - straight line, f/p - killer bee
Aim: a killer bee (wandering, blind, hasn't noticed you, chance to affect: 59%)
The killer bee buzzes angrily.
The killer bee looks drowsy...
You feel sick.
You are no longer poisoned.
The killer bee is no longer blind.
The helpless killer bee fails to defend itself.
You skewer the killer bee like a kebab!!!!
Your weapon exudes an aura of protection.
You kill the killer bee!
Dithmenos accepts your kill.
There is a stone staircase leading down here.
You start resting.
Magic restored.
You start resting.
An orc wizard is nearby!
The orc wizard gestures at you while chanting.
The magic dart hits you.
You climb downwards.
The centaur zombie hits you.
The centaur zombie completely misses you.
There is a stone staircase leading up, spattered with blood here.
Harold shouts!
Harold throws a throwing net.
The throwing net hits you.
You become entangled in the net!
You stop ascending the stairs.
The two-headed ogre hits you with a +0 giant club!!
Ouch! That really hurt!
You die...

#######.
##.......
##.$†.....
#.........
#.<.......
#.KZ......
#.OK......
#..@......
##........
#.........
#.........
#.........
#...@.....
#.........


You could see Harold, a two-headed ogre, a centaur zombie and 2 kobolds.

Vanquished Creatures
  A dancing weapon (D:6)
  4 yaks (D:8)
  A water moccasin (D:8)
  4 orc warriors
  2 black bears (D:6)
  An ice beast (D:7)
  2 sky beasts
  A necrophage (D:6)
  2 ogres
  2 centaurs (D:6)
  A kobold brigand (D:7)
  4 bullfrogs (D:7)
  2 wyvern zombies
  A water moccasin zombie (D:5)
  3 scorpions
  2 wyvern skeletons
  4 killer bees
  A water moccasin skeleton (D:5)
  A howler monkey (D:7)
  2 wights (D:8)
  3 bullfrog zombies
  3 centaur zombies
  4 orc priests
  5 hounds
  2 bullfrog skeletons
  A gnoll shaman (D:7)
  A centaur skeleton (D:5)
  Ijyb (D:5)
  3 iguanas
  9 orc wizards
  A killer bee zombie (D:7)
  A hound zombie (D:5)
  A howler monkey skeleton (D:5)
  3 gnolls
  4 adders
  A white imp (D:7)
  An ufetubus (D:7)
  A worm (D:2)
  4 dart slugs
  27 orcs
  4 bats (D:1)
  2 endoplasms
  A giant cockroach (D:1)
  3 goblins
  9 hobgoblins
  2 jackals (D:1)
  3 quokkas
  4 ball pythons
  A frilled lizard (D:2)
  11 kobolds
  4 rats
161 creatures vanquished.

Vanquished Creatures (collateral kills)
  3 wights (D:8)
  A bullfrog zombie (D:5)
  An orc priest (D:8)
  4 gnolls
  A shadow imp (D:6)
  7 orcs
17 creatures vanquished.

Vanquished Creatures (others)
  7 dancing weapons
  3 withered plants (D:5)
10 creatures vanquished.

Grand Total: 188 creatures vanquished

Notes
Turn   | Place    | Note
-------+----------+-------------------------------------------
     0 | D:1      | Rickety the Spriggan Enchanter began the quest for the Orb.
     0 | D:1      | Reached XP level 1. HP: 9/9 MP: 5/5
   364 | D:1      | Reached XP level 2. HP: 7/13 MP: 6/6
   367 | D:1      | Learned a level 2 spell: Ensorcelled Hibernation
   426 | D:1      | Reached skill level 5 in Stealth
   563 | D:1      | Found a faded altar of an unknown god.
   935 | D:1      | Reached XP level 3. HP: 13/16 MP: 8/8
  1003 | D:1      | Learned a level 3 spell: Confusing Touch
  1180 | D:1      | Reached skill level 6 in Stealth
  1386 | D:2      | Found Vaehyewe's Jewellery Boutique.
  1840 | D:2      | Reached XP level 4. HP: 21/21 MP: 8/10
  1844 | D:2      | Learned a level 3 spell: Tukima's Dance
  2424 | D:3      | Found Seat's Assorted Antiques.
  2583 | D:3      | Reached skill level 7 in Stealth
  2583 | D:3      | Reached XP level 5. HP: 24/24 MP: 11/11
  2905 | D:3      | You fall into a shaft and drop 3 floors!
  3048 | D:6      | Reached skill level 8 in Stealth
  3224 | D:5      | Entered Level 5 of the Dungeon
  3658 | D:4      | Reached XP level 6. HP: 28/28 MP: 13/13
  4017 | D:4      | Found an ornate altar of the Wu Jian Council.
  4034 | D:4      | Reached skill level 1 in Throwing
  4454 | D:5      | Reached skill level 5 in Hexes
  4515 | D:5      | Reached XP level 7. HP: 32/32 MP: 14/14
  4559 | D:5      | Reached skill level 9 in Stealth
  4829 | D:5      | Noticed Ijyb
  4831 | D:5      | Killed Ijyb
  5359 | D:5      | Reached skill level 10 in Stealth
  5442 | D:5      | Reached skill level 5 in Spellcasting
  5508 | D:5      | Reached XP level 8. HP: 31/37 MP: 11/16
  5634 | D:5      | Learned a level 3 spell: Dazzling Flash
  5890 | D:6      | Reached skill level 11 in Stealth
  6058 | D:6      | Learned a level 2 spell: Blink
  6371 | D:6      | Reached skill level 1 in Translocations
  6480 | D:6      | Found a staircase to the Ecumenical Temple.
  6491 | Temple   | Entered the Ecumenical Temple
  6574 | Temple   | Became a worshipper of Dithmenos the Shadowed
  6873 | D:6      | Reached skill level 12 in Stealth
  7731 | D:6      | Reached XP level 9. HP: 34/40 MP: 19/19
  8296 | D:7      | Reached skill level 13 in Stealth
  8296 | D:7      | Reached skill level 1 in Evocations
  8407 | D:7      | Found Zedghoh's General Store.
  8418 | D:7      | Reached * piety under Dithmenos
  8423 | D:7      | Bought a scroll of identify for 24 gold pieces
  8423 | D:7      | Bought a potion of heal wounds for 60 gold pieces
  8423 | D:7      | Bought a throwing net for 36 gold pieces
  8641 | D:7      | Reached skill level 1 in Invocations
  9084 | D:8      | Reached skill level 5 in Translocations
 10571 | D:8      | Reached skill level 1 in Fighting
 10577 | D:8      | Reached XP level 10. HP: 43/45 MP: 20/22
 10723 | D:9      | Noticed a two-headed ogre
 10783 | D:9      | Noticed Harold
 10784 | D:9      | Slain by a two-headed ogre

Illustrated notes

Levels and vault maps discovered:
D:1:      lemuel_arrival_room, layout_rooms, dreamdust_ecumenical_altar_statues,
          minmay_fountain_box
D:2:      minmay_recursive_quarters, layout_basic, serial_shops,
          nicolae_lakefront_shop
D:3:      layout_loops_ring, serial_shops, nicolae_diamond_shop
D:4:      layout_basic, nicolae_wu_jian_glorious_leap
D:5:      layout_loops_ring, serial_undead, serial_undead_f, serial_undead_d,
          serial_undead_d, serial_undead_a, grunt_tough_drop, uniq_ijyb
D:6:      layout_loops_cross, minmay_temple_entry_statues_pillars
D:7:      layout_basic, serial_shops, nicolae_lakefront_shop, grunt_ministairs_3
D:8:      layout_basic
D:9:      minmay_angry_zag, layout_rooms, uniq_erica, uniq_harold
Temple:   dpeg_five_rooms_temple

Skill      XL: |  1  2  3  4  5  6  7  8  9 10 |
---------------+-------------------------------+-----
Spellcasting   | 3 4 5 6 7 |  7.8
Stealth        | 5 6 7 8 10 12 13 | 13.7
Hexes          | 4 5 6 7 |  7.8
Dodging        | 3 4 |  4.1
Short Blades   | 2 3 4 |  4.5
Throwing       | 1 2 |  2.0
Translocations | 2 5 |  5.0
Evocations     | 2 3 |  3.3
Invocations    | 3 |  3.3
Fighting       | 1 |  1.0
Conjurations   | |  0.1

Action                   |  1- 3 |  4- 6 |  7- 9 | 10-12 || total
-------------------------+-------+-------+-------+-------++-------
Melee: Dagger            |    84 |    93 |   289 |    12 ||   478
 Cast: Corona            |    12 |       |       |       ||    12
       Ensorcelled Hiber |    35 |    20 |    77 |     4 ||   136
       Tukima's Dance    |       |     5 |    38 |       ||    43
       Confusing Touch   |       |     4 |    40 |       ||    44
       Dazzling Flash    |       |       |     5 |     4 ||     9
  Use: Scroll            |       |       |     6 |       ||     6
 Stab: Distracted        |     3 |       |     2 |       ||     5
       Sleeping          |    20 |    27 |    44 |     3 ||    94
       Confused          |       |     4 |    33 |       ||    37
       Invisible         |       |       |     1 |     2 ||     3
Armor: Robe              |    20 |     9 |    40 |     1 ||    70
Dodge: Dodged            |    99 |    45 |   183 |    29 ||   356
